 Dungeon Crawl Stone Soup version 0.30-b1-5-g8e6c1be481 (webtiles) character file.

Game seed: 18416781573772957342

229182 croobank the End of an Era (level 18, 0/130 (140) HPs)
             Began as a Demonspawn Fire Elementalist on May 4, 2023.
             Was the Champion of Qazlal.
             Succumbed to a +1 glaive of venom's poison
             ... on level 1 of the Elven Halls.
             The game lasted 03:34:54 (49158 turns).

croobank the End of an Era (DsFE)                  Turns: 49158, Time: 03:34:55

HP:   0/130 (140)   AC: 14    Str:  7    XL:     18   Next: 72%
MP:   11/33         EV: 16    Int: 30    God:    Qazlal [******]
Gold: 1906          SH: 21    Dex: 14    Spells: 13/39 levels left

rFire   + . .        Z - +7 scimitar (flame)
rCold   + + +        V - +3 kite shield {reflect}
rNeg    . . .        L - +1 ring mail {Will+}
rPois   .            y - +2 hat
rElec   .            W - scarf {rC+ rF+}
rCorr   .            (gloves unavailable)
SInv    .            q - +0 pair of boots of a bazaar {rC++ Will- Int+6}
Will    ++...        B - amulet of regeneration
Stlth   +            P - +5 ring of evasion
HPRegen 1.21/turn    d - ring of flight
MPRegen 0.23/turn

%: repel missiles, reflection
@: mighty, lethally poisoned (0 -> -21), protected from physical damage, flying,
very slightly contaminated, drained, unable to drink
A: hooves 1, horns 2, ignite blood 3, spiny 2, demonic touch 3, strong-willed 1,
weak 1, inability to drink after injury 1
}: 1/15 runes: serpentine
a: Renounce Religion, Upheaval, Elemental Force, Disaster Area


You were on level 1 of the Elven Halls.
You worshipped Qazlal.
Qazlal was exalted by your worship.
You visited 6 branches of the dungeon, and saw 29 of its levels.
You visited the Abyss 1 time.
You also visited: Bailey, Ice Cave and Volcano.

You collected 3829 gold pieces.
You spent 1923 gold pieces at shops.

Inventory:

Hand Weapons
 b - a +1 broad axe of flaming
 T - the +8 rapier of Gequ {vamp, rElec}
   (You found it on level 1 of the Shoals)

   rElec:     It insulates you from electricity.
 U - a +3 antimagic mace
 Y - a +0 demon whip of venom
 Z - a +7 scimitar of flaming (weapon)
Missiles
 h - 3 throwing nets
 l - 12 curare-tipped darts
 w - 4 silver javelins
 E - 17 javelins
Armour
 f - the +2 chain mail of the Unseen Realm {Drain rN+++ rCorr Int+3}
   (You found it on level 3 of the Lair of Beasts)

   Int:       It affects your intelligence (+3).
   rN:        It renders you almost immune to negative energy.
   rCorr:     It protects you from acid and corrosion.
   Drain:     It drains your maximum health when unequipped.
 k - a +2 chain mail of willpower
 q - the +0 pair of boots of a bazaar (worn) {rC++ Will- Int+6}
   (You found it on level 3 of the Dungeon)

   Int:       It affects your intelligence (+6).
   rC:        It greatly protects you from cold.
   Will:      It decreases your willpower.
 y - a +2 hat (worn)
 G - a +4 troll leather armour
 L - a +1 ring mail of willpower (worn)
 V - a +3 kite shield of reflection (worn)
 W - a scarf of resistance (worn)
Magical Staves
 g - the staff of earth "Erphufer" {rElec rF+ Str-2 Dex+4}
   (You found it in an ice cave)

   [staff of earth]

   Base accuracy: +5 Base damage: 5 Base attack delay: 1.2 This weapon's minimum
   attack delay (0.6) is reached at skill level 12.
   Str:       It affects your strength (-2).
   Dex:       It affects your dexterity (+4).
   rF:        It protects you from fire.
   rElec:     It insulates you from electricity.
   It falls into the 'Staves' category.
   It is a one-handed weapon.
Jewellery
 d - a ring of flight (right hand)
 m - a ring of resist corrosion
 s - an amulet of reflection
 t - a ring of magical power
 B - an amulet of regeneration (around neck)
 M - a ring of positive energy
 P - a +5 ring of evasion (left hand)
 Q - a ring of see invisible
Wands
 a - a wand of polymorph (3)
 j - a wand of flame (57)
 o - a wand of charming (3)
 A - a wand of mindburst (20)
 J - a wand of roots (18)
 X - a wand of digging (7)
Scrolls
 c - 5 scrolls of fog
 e - a scroll of amnesia
 i - 7 scrolls of teleportation
 x - 2 scrolls of silence
 I - 4 scrolls of vulnerability
 K - a scroll of brand weapon
 N - 4 scrolls of poison
 R - 10 scrolls of identify
 S - 3 scrolls of magic mapping
Potions
 n - 6 potions of lignification
 p - 4 potions of haste
 r - a potion of resistance
 v - a potion of berserk rage
 C - 5 potions of ambrosia
 D - 4 potions of flight
 F - 4 potions of curing
 H - 6 potions of attraction
 O - a potion of magic
Miscellaneous
 z - a phantom mirror


   Skills:
 + Level 12.0 Fighting
 + Level 10.4 Armour
 + Level 11.1 Dodging
 - Level 2.0 Stealth
 + Level 7.7 Shields
 + Level 11.1 Spellcasting
 + Level 9.8 Conjurations
 - Level 7.0 Hexes
 + Level 13.6 Summonings
 - Level 9.3 Translocations
 - Level 10.1 Fire Magic
 + Level 14.7 Invocations


You had 13 spell levels left.
You knew the following spells:

 Your Spells              Type           Power      Damage    Failure   Level
a - Foxfire               Conj/Fire      100%       2x1d9     1%          1
b - Scorch                Fire           100%       2d9       1%          2
c - Inner Flame           Hex/Fire       62%        N/A       3%          3
d - Iskenderun's Mystic   Conj/Tloc      65%        2d13      8%          4
e - Summon Forest         Summ/Tloc      35%        N/A       10%         5
f - Summon Mana Viper     Hex/Summ       68%        N/A       16%         5
g - Summon Cactus Giant   Summ           39%        N/A       22%         6

Your spell library contained the following spells:

 Spells                   Type           Power      Damage    Failure   Level
 Apportation              Tloc           100%       N/A       1%          1
 Magic Dart               Conj           100%       1d8       1%          1
 Summon Small Mammal      Summ           100%       N/A       1%          1
 Call Canine Familiar     Summ           78%        N/A       1%          3
 Summon Guardian Golem    Hex/Summ       68%        N/A       1%          3
 Volatile Blastmotes      Fire/Tloc      100%       2d18      1%          3
 Dazzling Flash           Conj/Hex       100%       N/A       3%          3
 Kiss of Death            Conj/Necr      100%       2d13      4%          1
 Confusing Touch          Hex            55%        N/A       6%          3
 Flame Wave               Conj/Fire      66%        2d15      6%          4
 Sticky Flame             Conj/Fire      66%        2d8       6%          4
 Static Discharge         Conj/Air       92%        2-6/arc   8%          2
 Ensorcelled Hibernation  Hex/Ice        74%        N/A       14%         2
 Stone Arrow              Conj/Erth      92%        3d12      16%         3
 Fireball                 Conj/Fire      33%        3d14      17%         5
 Iskenderun's Battlesphe  Conj           66%        2d12      19%         5
 Summon Ice Beast         Ice/Summ       55%        N/A       22%         4
 Summon Lightning Spire   Summ/Air       55%        N/A       22%         4
 Ignite Poison            Fire/Tmut/Pois 36%        N/A       28%         3
 Beastly Appendage        Tmut           32%        N/A       36%         1
 Necrotise                Necr           64%        1d7       36%         1
 Sandblast                Erth           32%        2d9       36%         1
 Sting                    Tmut/Pois      64%        1d6       36%         1
 Cigotuvi's Dreadful Rot  Necr/Pois/Air  32%        N/A       50%         2
 Passwall                 Tmut/Erth      13%        N/A       50%         2
 Poisonous Vapours        Pois/Air       32%        N/A       50%         2
 Wereblood                Tmut           16%        N/A       50%         2
 Anguish                  Hex/Necr       18%        N/A       65%         4
 Starburst                Conj/Fire      33%        6d10      67%         6
 Frozen Ramparts          Ice            32%        1d5       75%         3
 Ozocubu's Armour         Ice            16%        N/A       75%         3
 Spider Form              Tmut/Pois      16%        N/A       75%         3
 Vampiric Draining        Necr           16%        2d7       75%         3
 Freezing Cloud           Conj/Ice/Air   18%        6-21      95%         5
 Airstrike                Air            8%         2d(2-18)  98%         4
 Dispel Undead            Necr           16%        3d10      98%         4
 Ice Form                 Ice/Tmut       16%        N/A       98%         4
 Olgreb's Toxic Radiance  Pois           16%        N/A       98%         4
 Orb of Destruction       Conj           33%        9d10      99%         7
 Agony                    Necr           16%        N/A       100%        5
 Alistair's Intoxication  Tmut/Pois      10%        N/A       100%        5
 Conjure Ball Lightning   Conj/Air       23%        3x3d6     100%        6
 Death Channel            Necr           8%         N/A       100%        6
 Simulacrum               Ice/Necr       8%         N/A       100%        6
 Ozocubu's Refrigeration  Ice            8%         4d9       100%        7
 Borgnjor's Revivificati  Necr           8%         N/A       100%        8
 Ignition                 Fire           33%        3d10      100%        8
 Polar Vortex             Ice            8%         N/A       100%        9


Dungeon Overview and Level Annotations

Branches:
Dungeon (15/15)            Temple (0/1) D:4            Lair (5/5) D:8
 Shoals (2/4) Lair:2        Snake (4/4) Lair:3        Slime (0/5) Lair:4
    Orc (2/2) D:12            Elf (1/3) Orc:2        Vaults (0/5) D:14
 Depths (0/4) D:15         Bailey (visited)           IceCv (visited)
Volcano (visited)

Altars:
Ashenzari
Fedhas
Gozag
Hepliaklqana
Makhleb
Qazlal
Trog
Jiyva

Shops:
D:6 =   Orc:2 (*:([:[   Shoals:1 *   Snake:1 *

Annotations:
D:13 3 runed translucent doors, exclusion: downstairs, qdestroyer's ghost, journeyman MiFi
Shoals:2 Ilsuiw
Elf:1 3 runed translucent doors, sizableburger's ghost, journeyman KoEn


Innate Abilities, Weirdness & Mutations

You have large cloven feet.
You have a pair of horns on your head.
Your demonic aura causes all spilled blood to erupt in flames.
You are mostly covered in sharp spines.
Your touch may irresistibly damage your foes and sap their willpower.
You are strong-willed. (Will+)
You are weak. (Str -2)
You occasionally lose the ability to drink potions when taking damage.


Message History

Casting: Summon Mana Viper (dangerous; 16% risk of failure)
Confirm with . or Enter, or press ? or * to list all spells.
Really blast near your cactus giant?
You erupt in a blast of force!
The mystic blast hits the +1 glaive of venom!
The +1 glaive of venom is heavily damaged.
The +1 glaive of venom is knocked back by the mystic blast.
The +1 glaive of venom slams into the rock wall!
The mystic blast hits your cactus giant!
Your cactus giant is lightly damaged.
Your cactus giant is knocked back by the mystic blast.
Your cactus giant slams into the rock wall!
Your cactus giant is lightly damaged.
The mystic blast hits the +0 flail of holy wrath!
The +0 flail of holy wrath is heavily damaged.
The +0 flail of holy wrath is knocked back by the mystic blast.
The +0 flail of holy wrath slams into the rock wall!
The +0 flail of holy wrath is severely damaged.
Your cactus giant disappears in a puff of smoke!
* * * LOW HITPOINT WARNING * * *
You feel extremely sick.
Okay, then.
Casting: Iskenderun's Mystic Blast (dangerous; 8% risk of failure)
Confirm with . or Enter, or press ? or * to list all spells.
Okay, then.
Casting: Iskenderun's Mystic Blast (dangerous; 8% risk of failure)
Confirm with . or Enter, or press ? or * to list all spells.
You erupt in a blast of force!
The mystic blast hits the +1 glaive of venom.
The +1 glaive of venom is severely damaged.
The +1 glaive of venom is knocked back by the mystic blast.
The +1 glaive of venom slams into the rock wall!
The +1 glaive of venom is severely damaged.
The mystic blast hits the +0 flail of holy wrath.
The +0 flail of holy wrath is severely damaged.
The +0 flail of holy wrath is knocked back by the mystic blast.
The +0 flail of holy wrath slams into the rock wall!
The +0 flail of holy wrath falls from the air.
Qazlal accepts your kill.
You die...

##.# #... ... ...#
#.e# #.# #..# #..#
#.# #..# #..# #.#
#..# #..# #.# #..#
##§.####.###..### #
.####°°○☼...........#
.
..e...°@☼°.......#..#
#
.....(.§#####..###..#
# .####).##
#''###''#### #..
...........## #..
#...........## ...
###+++###...'. ....
#.(....(#...##
####...
#....(..#..### #..#
.(....#.##


You could see a deep elf pyromancer, a deep elf zephyrmancer and a +1 glaive of
venom.

Vanquished Creatures
  Vashnia (Snake:3)
  Rupert (D:11)
  Asterion (Snake:3)
  Polyphemus (Shoals:2)
  Gastronok (Lair:3)
  Agnes (Snake:3)
  10 nagarajas
  Louise (D:15)
  An orc warlord (Orc:2)
  A stone giant (Volcano)
  A deep elf death mage (Elf:1)
  2 fire dragons (D:15)
  A deep elf high priest (Elf:1)
  Fannar (D:12)
  A merfolk javelineer (Shoals:1)
  2 merfolk impalers
  4 salamander tyrants
  A rakshasa (D:14)
  7 hydras
  Erolcha (D:10)
  An ogre mage (D:15)
  2 centaur warriors (D:13)
  An alligator snapping turtle (Shoals:1)
  16 anacondas
  2 boulder beetles
  A merfolk avatar (Shoals:1)
  A dancing weapon (Elf:1)
  15 naga warriors
  9 two-headed ogres
  3 orc high priests
  12 death yaks
  4 shock serpents
  12 naga sharpshooters
  Sonja (D:13)
  A deep elf knight (Elf:1)
  Amaemon (D:9)
  A shadow wraith (Shoals:1)
  5 skeletal warriors
  4 salamander mystics
  3 skysharks
  5 sea snakes
  2 deep elf archers (Elf:1)
  2 wizards
  8 naga ritualists
  4 phantasmal warriors (Snake:4)
  A lindwurm (Lair:5)
  8 deep elf pyromancers
  6 deep elf zephyrmancers (Elf:1)
  9 harpies
  5 orc knights
  A necromancer (D:14)
  5 cyclopes
  4 orc sorcerers
  17 salamanders
  16 mana vipers
  8 fauns
  6 manticores
  30 ugly things
  A manticore (shapeshifter) (D:15)
  9 elephants
  3 merfolk sirens
  A nameless horror (Shoals:1)
  18 naga magi
  A rust devil (D:15)
  39 black mambas
  9 guardian serpents
  2 molten gargoyles (D:11)
  Psyche (D:12)
  3 water nymphs
  An orange demon (D:9)
  10 cane toads
  4 gargoyles
  2 ice statues (IceCv)
  3 rime drakes
  2 komodo dragons (Lair:2)
  2 efreet
  2 hornets
  12 polar bears
  2 trolls (shapeshifter) (D:13)
  12 trolls
  3 wind drakes
  6 merfolk
  16 blink frogs
  2 raiju (Lair:5)
  Prince Ribbit (D:8)
  17 dream sheep
  3 snapping turtles (Shoals:1)
  14 slime creatures
  An air elemental (Elf:1)
  3 vampires
  A wraith (D:13)
  A yak (shapeshifter) (D:15)
  3 wyverns
  A shadow (D:12)
  A water elemental (Shoals:1)
  Grum (Lair:1)
  3 fire elementals (Volcano)
  36 yaks
  2 basilisks
  3 steam dragons
  2 vampire mosquitoes (D:12)
  A death yak simulacrum (IceCv)
  24 nagas
  18 wargs
  15 water moccasins
  13 hell hounds (Lair:5)
  3 acid dragons
  A sky beast (D:6)
  33 orc warriors
  An ice beast (D:5)
  12 black bears
  28 wolves
  8 ogres
  3 centaurs
  4 kobold brigands
  A phantom (D:4)
  23 bullfrogs
  An earth elemental (Volcano)
  A gnoll sergeant (D:4)
  3 scorpions
  A cane toad simulacrum (IceCv)
  4 wights (D:8)
  11 killer bees
  An elephant simulacrum (IceCv)
  2 electric eels (D:4)
  5 lava snakes (D:11)
  6 jellies
  A sleepcap (D:4)
  19 orc priests
  A gnoll bouda (D:8)
  A hound (D:4)
  18 orc wizards
  A wolf simulacrum (IceCv)
  2 centaur simulacra
  2 human simulacra (D:10)
  10 gnolls
  7 adders
  An ufetubus (D:6)
  6 worms
  3 dart slugs
  80 orcs
  7 bats
  7 endoplasms
  19 hobgoblins
  3 jackals (D:1)
  27 kobolds
  3 quokkas
  7 ball pythons
  A frilled lizard (D:2)
  11 goblins
  6 rats
  A butterfly (Lair:4)
  5 foxfires
  4 snaplasher vines
1007 creatures vanquished.

Vanquished Creatures (collateral kills)
  A nagaraja (Snake:4)
  A salamander tyrant (Snake:4)
  4 dancing weapons (Elf:1)
  A two-headed ogre (D:9)
  3 naga warriors
  A naga sharpshooter (Snake:4)
  A shock serpent (shapeshifter) (Elf:1)
  2 deep elf knights (Elf:1)
  A salamander mystic (Snake:3)
  A deep elf archer (Elf:1)
  2 naga ritualists
  6 deep elf pyromancers (Elf:1)
  10 deep elf zephyrmancers (Elf:1)
  An orc sorcerer (Elf:1)
  A manticore (Shoals:1)
  A salamander (Snake:3)
  3 fauns (Shoals:1)
  A merfolk siren (Shoals:2)
  A water nymph (Shoals:1)
  6 black mambas
  2 naga magi
  A nameless horror (Elf:1)
  A merfolk (Shoals:2)
  A yak (D:9)
  A fire elemental (Elf:1)
  6 nagas
  An orc warrior (Orc:2)
  An earth elemental (Elf:1)
  3 kobolds (D:9)
  19 foxfires
  A snaplasher vine (Snake:2)
85 creatures vanquished.

Vanquished Creatures (others)
  A salamander tyrant (Snake:4)
  A deep elf pyromancer (D:12)
  3 manticores
  A deep elf zephyrmancer (Elf:1)
  A fire elemental (Volcano)
  An earth elemental (Volcano)
  An orc (Orc:1)
  1784 foxfires
  27 fungi
  132 plants
  6 snaplasher vines
  4 toadstools (D:15)
1962 creatures vanquished.

Grand Total: 3054 creatures vanquished

Notes
Turn   | Place    | Note
-------+----------+-------------------------------------------
     0 | D:1      | croobank the Demonspawn Fire Elementalist began the quest
                  | for the Orb.
     0 | D:1      | Reached XP level 1. HP: 13/13 MP: 3/3
    85 | D:1      | Found a faded altar of an unknown god.
    94 | D:1      | Prayed at the altar of an unknown god.
    94 | D:1      | Became a worshipper of Qazlal Stormbringer
    94 | D:1      | Reached * piety under Qazlal
   481 | D:1      | Discovered your monstrous ancestry.
   481 | D:1      | Gained mutation: You have a pair of small horns on your
                  | head. [demonic ancestry]
   481 | D:1      | Reached XP level 2. HP: 19/19 MP: 0/5
   534 | D:1      | Learned a level 2 spell: Scorch
  1063 | D:1      | Reached XP level 3. HP: 19/25 MP: 2/6
  1089 | D:1      | Learned a level 3 spell: Inner Flame
  1747 | D:2      | Reached ** piety under Qazlal
  1795 | D:1      | Reached skill level 1 in Invocations
  1998 | D:2      | Gained mutation: Your touch may inflict minor irresistible
                  | damage on your foes. [demonic ancestry]
  1998 | D:2      | Reached XP level 4. HP: 28/31 MP: 3/7
  2219 | D:2      | Reached skill level 1 in Armour
  2679 | D:2      | Reached skill level 1 in Fighting
  2924 | D:3      | Identified the +0 pair of boots of a bazaar {rC++ Will-
                  | Int+6}
  3321 | D:3      | Reached skill level 1 in Hexes
  3536 | D:3      | Noticed a water moccasin
  3544 | D:3      | Killed a water moccasin
  3545 | D:3      | Reached skill level 2 in Invocations
  3545 | D:3      | Gained mutation: Your demonic aura sometimes causes spilled
                  | blood to erupt in flames. [demonic ancestry]
  3545 | D:3      | Reached XP level 5. HP: 23/37 MP: 0/9
  3553 | D:3      | Gained mutation: Your muscles are strong. (Str +4, Int/Dex
                  | -1) [potion of mutation]
  3553 | D:3      | Gained mutation: You are strong-willed. (Will+) [potion of
                  | mutation]
  3557 | D:3      | Reached *** piety under Qazlal
  3761 | D:3      | Gained mutation: You have large cloven feet. [demonic
                  | ancestry]
  3761 | D:3      | Reached XP level 6. HP: 44/44 MP: 3/10
  4359 | D:4      | Found a staircase to the Ecumenical Temple.
  4438 | D:4      | Found a transporter.
  4455 | D:4      | Found a transporter.
  4549 | D:4      | Reached skill level 3 in Invocations
  4549 | D:4      | Gained mutation: You are partially covered in sharp spines.
                  | [demonic ancestry]
  4549 | D:4      | Reached XP level 7. HP: 45/51 MP: 2/11
  5442 | D:5      | Entered Level 5 of the Dungeon
  6081 | D:6      | Found a bloodstained altar of Trog.
  6082 | D:6      | Found a hazy altar of Hepliaklqana.
  6743 | D:5      | Reached XP level 8. HP: 58/58 MP: 6/13
  6915 | D:5      | Reached skill level 4 in Invocations
  8037 | D:6      | Found Giteyno's Jewellery Shop.
  8083 | D:6      | Found a broken altar of Ashenzari.
  8525 | D:7      | Reached **** piety under Qazlal
  9193 | D:8      | Reached skill level 5 in Invocations
  9193 | D:8      | Reached XP level 9. HP: 59/65 MP: 8/15
  9381 | D:8      | Noticed a cyclops
  9686 | D:8      | Reached skill level 5 in Fire Magic
  9691 | D:8      | Killed a cyclops
  9692 | D:8      | Reached skill level 6 in Invocations
 10125 | D:8      | Identified the +0 leather armour "Unario" {Str+2}
 10127 | D:8      | Noticed Prince Ribbit
 10130 | D:8      | Reached skill level 5 in Conjurations
 10153 | D:8      | Killed Prince Ribbit
 10154 | D:8      | Reached skill level 5 in Spellcasting
 10154 | D:8      | Gained mutation: Your demonic aura often causes spilled
                  | blood to erupt in flames. [demonic ancestry]
 10154 | D:8      | Reached XP level 10. HP: 65/73 MP: 1/17
 10169 | D:8      | Reached skill level 5 in Fighting
 10201 | D:9      | Noticed a two-headed ogre
 10202 | D:9      | Noticed a two-headed ogre
 10357 | D:8      | Reached skill level 5 in Dodging
 10449 | D:8      | Got the Directory of Creeping Momentum
 10802 | D:8      | Found a staircase to the Lair.
 10988 | D:8      | Reached skill level 5 in Hexes
 11050 | D:9      | Noticed Amaemon
 11057 | D:9      | Noticed an orange demon
 11058 | D:9      | Killed Amaemon
 11059 | D:9      | Reached skill level 7 in Invocations
 11076 | D:9      | Killed an orange demon
 11380 | D:9      | Reached skill level 5 in Armour
 11413 | D:9      | Noticed a two-headed ogre
 11437 | D:9      | Killed a two-headed ogre
 11479 | D:9      | Killed a two-headed ogre
 11480 | D:9      | Reached skill level 8 in Invocations
 11480 | D:9      | Reached XP level 11. HP: 50/81 MP: 3/19
 11498 | D:9      | Killed a two-headed ogre
 11737 | D:9      | Found an opulent altar of Gozag.
 12135 | D:6      | Bought a +5 ring of evasion for 504 gold pieces
 12233 | D:10     | Entered Level 10 of the Dungeon
 12281 | D:10     | Found a flagged portal.
 12330 | Bailey   | Entered a bailey
 12488 | Bailey   | Noticed an orc knight
 12507 | Bailey   | Killed an orc knight
 12524 | Bailey   | Reached skill level 1 in Shields
 12529 | Bailey   | Reached ***** piety under Qazlal
 12546 | Bailey   | Found a large runed translucent door.
 12546 | Bailey   | Found a large runed translucent door.
 12547 | Bailey   | Noticed a deep elf pyromancer
 12548 | Bailey   | Found the +3 robe of Clouds {*Thunder rCloud rElec}
 12570 | Bailey   | Killed a deep elf pyromancer
 12782 | D:10     | Noticed Erolcha
 13004 | Lair:1   | Entered Level 1 of the Lair of Beasts
 13204 | Lair:1   | Noticed Grum
 13213 | Lair:1   | Killed Grum
 13434 | Lair:1   | Noticed a boulder beetle
 13441 | Lair:1   | Killed a boulder beetle
 13442 | Lair:1   | Reached skill level 9 in Invocations
 13521 | Lair:1   | Found a dark tunnel.
 13526 | Volcano  | Entered a volcano
 13541 | Volcano  | Noticed a stone giant
 13554 | Volcano  | Killed a stone giant
 14084 | Lair:1   | Gained mutation: You have a pair of horns on your head.
                  | [demonic ancestry]
 14084 | Lair:1   | Reached XP level 12. HP: 85/91 MP: 22/22
 14089 | Lair:1   | Learned a level 4 spell: Iskenderun's Mystic Blast
 14136 | Lair:2   | Reached skill level 1 in Translocations
 14408 | Lair:2   | Found a staircase to the Shoals.
 14799 | Lair:2   | Noticed a seven-headed hydra
 14806 | Lair:2   | Killed a six-headed hydra
 14895 | Lair:2   | Reached skill level 10 in Invocations
 15494 | Lair:2   | Noticed a seven-headed hydra
 15496 | Lair:2   | Killed a six-headed hydra
 15689 | Lair:3   | Noticed Gastronok
 15700 | Lair:3   | Killed Gastronok
 16062 | Lair:3   | Found a staircase to the Snake Pit.
 16269 | Lair:3   | Identified the +2 chain mail of the Unseen Realm {Drain
                  | rN+++ rCorr Int+3}
 16357 | Lair:3   | Gained mutation: Your demonic aura causes all spilled blood
                  | to erupt in flames. [demonic ancestry]
 16357 | Lair:3   | Reached XP level 13. HP: 98/98 MP: 20/24
 16986 | Lair:4   | Reached skill level 5 in Translocations
 17342 | Lair:3   | Reached skill level 5 in Shields
 17342 | Lair:3   | Reached skill level 11 in Invocations
 18142 | Lair:4   | Found a viscous altar of Jiyva.
 18144 | Lair:4   | Found a staircase to the Slime Pits.
 19007 | Lair:5   | Entered Level 5 of the Lair of Beasts
 19239 | Lair:5   | Gained mutation: Your touch may inflict irresistible damage
                  | on your foes. [demonic ancestry]
 19239 | Lair:5   | Reached XP level 14. HP: 104/108 MP: 17/26
 19595 | Lair:5   | Reached skill level 12 in Invocations
 19715 | Lair:5   | Reached ****** piety under Qazlal
 20701 | D:10     | Killed Erolcha
 21032 | D:10     | Found an opulent altar of Gozag.
 21483 | D:10     | Found a blossoming altar of Fedhas.
 21870 | D:12     | Noticed Rupert
 21878 | D:12     | Noticed Psyche
 21884 | D:11     | Killed Rupert
 22019 | D:12     | Killed Psyche
 22646 | D:12     | Noticed Fannar
 22656 | D:12     | Killed Fannar
 23196 | D:12     | Found a staircase to the Orcish Mines.
 23630 | D:11     | Identified the +4 great sword of Xasat {heavy, *Slow rElec
                  | rC+ rN++}
 23866 | D:13     | Reached skill level 10 in Fighting
 23873 | D:13     | Found a runed translucent gate.
 23874 | D:13     | Found a runed translucent gate.
 23875 | D:13     | Found a runed translucent gate.
 23875 | D:13     | Noticed qdestroyer's ghost (journeyman MiFi)
 23903 | D:13     | Found a frozen archway.
 23955 | IceCv    | Entered an ice cave
 24019 | IceCv    | Found a transporter.
 24032 | IceCv    | Found a transporter.
 24042 | IceCv    | Identified the staff of earth "Erphufer" {rElec rF+ Str-2
                  | Dex+4}
 24189 | D:13     | Noticed Sonja
 24199 | D:13     | Killed Sonja
 24910 | D:13     | Gained mutation: You are mostly covered in sharp spines.
                  | [demonic ancestry]
 24910 | D:13     | Reached XP level 15. HP: 99/115 MP: 28/28
 25499 | Abyss:3  | Cast into level 3 of the Abyss (skeletal warrior)
 25501 | Abyss:3  | Found a corrupted altar of Lugonu.
 25546 | D:14     | Escaped the Abyss
 25681 | Orc:1    | Entered Level 1 of the Orcish Mines
 26136 | D:12     | Reached skill level 13 in Invocations
 26825 | Orc:2    | Entered Level 2 of the Orcish Mines
 26825 | Orc:2    | Found Xauqaf's Book Boutique.
 26999 | Orc:2    | Found Tatu's Book Emporium.
 27124 | Orc:2    | Found Utimyi's Weapon Shoppe.
 28059 | Orc:2    | Found a staircase to the Elven Halls.
 28059 | Orc:2    | Found Pamiac's Armour Shoppe.
 28362 | Orc:2    | Found Roeff's Antique Armour Shop.
 28405 | Orc:2    | Found Wefuler's Antique Weapon Shoppe.
 28780 | Orc:2    | Found Bastoc's General Store.
 28788 | Orc:2    | Bought a scroll of blinking for 112 gold pieces
 28788 | Orc:2    | Bought a potion of haste for 150 gold pieces
 28788 | Orc:2    | Bought a potion of curing for 45 gold pieces
 29330 | D:14     | Found a gate to the Vaults.
 30083 | D:15     | Entered Level 15 of the Dungeon
 30092 | D:15     | Reached skill level 10 in Armour
 30201 | D:15     | Found a burning altar of Makhleb.
 30363 | D:15     | Noticed Louise
 30372 | D:15     | Killed Louise
 30743 | D:15     | Paralysed by an ogre mage for 2 turns
 30748 | D:15     | Paralysed by an ogre mage for 4 turns
 30887 | D:14     | Reached skill level 10 in Fire Magic
 31341 | D:15     | Found a staircase to the Depths.
 31637 | D:15     | Reached XP level 16. HP: 112/124 MP: 27/29
 31641 | D:15     | Reached skill level 10 in Dodging
 32470 | Orc:2    | Bought a book of the Wilderness for 418 gold pieces
 32476 | Orc:2    | Learned a level 5 spell: Summon Forest
 32734 | Snake:1  | Entered Level 1 of the Snake Pit
 32750 | Lair:3   | Reached skill level 1 in Summonings
 33677 | Lair:3   | Reached skill level 5 in Summonings
 34098 | Snake:1  | Found Digao's Assorted Antiques.
 34103 | Snake:1  | Bought a scroll labelled NOIT GIOS PEX for 37 gold pieces
 34221 | Snake:1  | Identified the +0 quarterstaff of the Thirsty Shrikes
                  | {freeze, rN+}
 36121 | Snake:2  | Reached skill level 10 in Summonings
 37449 | Snake:3  | Noticed Agnes
 37459 | Snake:3  | Killed Agnes
 37742 | Snake:3  | Reached XP level 17. HP: 129/129 MP: 19/30
 37840 | Snake:3  | Learned a level 5 spell: Summon Mana Viper
 38569 | Snake:3  | Noticed Asterion
 38572 | Snake:3  | Noticed Vashnia
 38585 | Snake:3  | Killed Asterion
 38599 | Snake:3  | Killed Vashnia
 39166 | Snake:4  | Entered Level 4 of the Snake Pit
 39446 | Snake:4  | Reached skill level 10 in Spellcasting
 41825 | Snake:4  | Learned a level 6 spell: Summon Cactus Giant
 42257 | Snake:4  | Got a serpentine rune of Zot
 43102 | Shoals:1 | Entered Level 1 of the Shoals
 43110 | Shoals:1 | Gained mutation: Your touch may irresistibly damage your
                  | foes and sap their willpower. [demonic ancestry]
 43110 | Shoals:1 | Reached XP level 18. HP: 138/138 MP: 27/32
 43383 | Shoals:1 | Reached skill level 14 in Invocations
 43531 | Shoals:1 | Found Didalimm's Assorted Antiques.
 43545 | Shoals:1 | Bought a dented sapphire amulet for 170 gold pieces
 44935 | Snake:1  | Bought a scroll of enchant armour for 277 gold pieces
 45058 | Shoals:2 | Noticed Ilsuiw
 45568 | Shoals:1 | Identified the +8 rapier of Gequ {vamp, rElec}
 46515 | Shoals:2 | Noticed Polyphemus
 46531 | Shoals:2 | Killed Polyphemus
 46947 | Elf:1    | Entered Level 1 of the Elven Halls
 47246 | Elf:1    | Paralysed by an air elemental for 1 turns
 47842 | Elf:1    | Gained mutation: You are dopey. (Int -2) [a shining eye]
 48151 | Snake:1  | Lost mutation: You are dopey. (Int -2) [potion of mutation]
 48151 | Snake:1  | Lost mutation: Your muscles are strong. (Str +4, Int/Dex
                  | -1) [potion of mutation]
 48151 | Snake:1  | Gained mutation: You occasionally lose the ability to read
                  | scrolls when taking damage. [potion of mutation]
 48151 | Snake:1  | Gained mutation: You occasionally lose the ability to drink
                  | potions when taking damage. [potion of mutation]
 48151 | Snake:1  | Gained mutation: Your spells are a little harder to cast,
                  | but a little more powerful. [potion of mutation]
 48152 | Snake:1  | Lost mutation: Your spells are a little harder to cast, but
                  | a little more powerful. [potion of mutation]
 48152 | Snake:1  | Lost mutation: You occasionally lose the ability to read
                  | scrolls when taking damage. [potion of mutation]
 48152 | Snake:1  | Gained mutation: You have very sharp teeth. [potion of
                  | mutation]
 48152 | Snake:1  | Gained mutation: You are agile. (Dex +4, Str/Int -1)
                  | [potion of mutation]
 48152 | Snake:1  | Gained mutation: Your muscles are strong. (Str +4, Int/Dex
                  | -1) [potion of mutation]
 48153 | Snake:1  | Lost mutation: Your muscles are strong. (Str +4, Int/Dex
                  | -1) [potion of mutation]
 48153 | Snake:1  | Lost mutation: You are agile. (Dex +4, Str/Int -1) [potion
                  | of mutation]
 48153 | Snake:1  | Lost mutation: You have very sharp teeth. [potion of
                  | mutation]
 48153 | Snake:1  | Gained mutation: You are weak. (Str -2) [potion of
                  | mutation]
 48606 | D:6      | Bought a ring of see invisible for 210 gold pieces
 49132 | Elf:1    | Found a runed translucent gate.
 49132 | Elf:1    | Found a runed translucent gate.
 49132 | Elf:1    | Found a runed translucent gate.
 49133 | Elf:1    | Noticed sizableburger's ghost (journeyman KoEn)
 49157 | Elf:1    | HP: 5/130 [poisoned by a +1 glaive of venom]
 49158 | Elf:1    | Succumbed to a +1 glaive of venom's poison

Illustrated notes

Levels and vault maps discovered:
D:1:      giann_horns, layout_loops_corners, basic_ecumenical_altar,
          minmay_misc_feat_four_crosses
D:2:      minmay_chambers_of_ones, layout_basic, kennysheep_path_1,
          hex_intersection, chequers_serial_rivers_small_a,
          nicolae_concentric_dashed_squares_wild, minmay_goblin_kobold_house
D:3:      cheibrodos_thug_alley, layout_loops_ring, minmay_joined_circles
D:4:      gammafunk_steamed_eel, layout_cave_pods,
          minmay_temple_entry_gardened_gates, kennysheep_decorative_pillar
D:5:      layout_loops_ring
D:6:      layout_basic, mainiacjoe_overflow_six_doors_small,
          nicolae_overflow_squiral, kennysheep_mini_moat, serial_shops,
          nicolae_shop_tiny_real_fake_doors, minmay_misc_feat_square
D:7:      layout_basic
D:8:      layout_cave_pools, erik_lair_orcish_takeover, grunt_potential,
          uniq_prince_ribbit1
D:9:      layout_cave_pods, minmay_ruined_shrine, uniq_amaemon
D:10:     nicolae_cairo_tiling_large, layout_cave_pools,
          nicolae_gozag_cash_rules_everything_around_me, marbit_many_paths,
          enter_bailey_4, bh_circular_ruins, uniq_erolcha
D:11:     cheibrodos_magma_flow, layout_cave_pools, nrook_loot_triangle
D:12:     layout_loops_ring, hiddenorc1_lemuel, uniq_psyche, uniq_rupert,
          uniq_fannar
D:13:     layout_rooms, ebering_ghost_rock_garden,
          portal_ice_cave_entry_pillars_2, uniq_sonja
D:14:     layout_gridville, david_vaults_1, grunt_decor_one_mirror
D:15:     grunt_enter_depths_hoard, layout_irregular_city,
          hangedman_decor_diamond_cutter, minmay_gold_behind_fungi,
          demons_altar, uniq_louise
Lair:1:   layout_cave_pods, enter_volcano_4, cheibrodos_lair_lostbears,
          grunt_megastairs_1, lemuel_fruit_tree, uniq_grum
Lair:2:   cheibrodos_lair_river_kwai, layout_chaotic_city,
          nicolae_shoals_entry_flooding
Lair:3:   layout_hall_layers, dummy_snake_entry, beast_lair_carwin_8,
          uniq_gastronok
Lair:4:   layout_cave_pods, nicolae_slime_entry_slimehenge, grunt_megastairs_3,
          serial_bayou_shore_b, lemuel_fruit_fields
Lair:5:   hangedman_lair_caniforms_friends, layout_loops_ring,
          serial_bayou_lagoon_a
Shoals:1: layout_shoals, serial_shops, nicolae_lakefront_shop,
          nicolae_shoals_hidden_pirate_stash
Shoals:2: layout_shoals, uniq_ilsuiw, uniq_polyphemus
Snake:1:  layout_onion_interference, minmay_shop_star
Snake:2:  layout_gridlike, hangedman_snake_sidewinding
Snake:3:  layout_concentric_octagons, uniq_asterion, uniq_vashnia, uniq_agnes
Snake:4:  grunt_snake_rune_spirals, layout_onion,
          nicolae_snake_ghostly_warrior_ritual
Orc:1:    layout_caves, nicolae_orc_damp_corner, statue_in_the_mist_lemuel,
          nicolae_orc_sculptors_studio, mines5_lemuel
Orc:2:    grunt_orc_gardens, layout_caves, grunt_orc_garden, grunt_orc_garden,
          grunt_orc_garden, grunt_orc_garden, serial_shops, shop_statue,
          nicolae_shop_trees, shop
Elf:1:    eino_elf_arrival_customs, layout_gridlike, ebering_ghost_rock_garden,
          kennysheep_underground_church, st_stairs_5, nicolae_shop_self_help,
          minmay_shop_grove, lemuel_upstairs_altar

Skill      XL: |  1  2  3  4  5  6  7  8  9 10 11 12 13 14 15 16 17 18 |
---------------+-------------------------------------------------------+-----
Stealth        | 2 |  2.0
Dodging        | 2 3 4 5 6 7 8 9 10 11 | 11.1
Invocations    | 1 2 3 5 6 8 9 10 11 12 13 14 | 14.7
Fire Magic     | 3 4 5 6 7 8 9 10 | 10.1
Armour         | 1 2 3 4 5 6 10 | 10.4
Fighting       | 1 2 3 4 6 7 8 9 10 11 12 | 12.0
Hexes          | 1 2 3 4 5 6 7 |  7.0
Conjurations   | 2 3 4 5 6 7 9 |  9.8
Spellcasting   | 3 4 5 6 7 8 9 10 11 | 11.1
Shields        | 2 4 5 6 7 |  7.7
Translocations | 4 7 9 |  9.3
Summonings     | 11 13 | 13.6

Action                     |  1- 3 |  4- 6 |  7- 9 | 10-12 | 13-15 | 16-18 || total
---------------------------+-------+-------+-------+-------+-------+-------++-------
  Melee: Dagger            |    22 |    38 |    31 |     3 |       |       ||    94
         Unarmed           |     2 |       |       |       |       |       ||     2
         Headbutt          |     3 |     7 |     5 |    50 |   137 |    85 ||   287
         Touch             |       |     6 |     7 |    30 |       |       ||    43
         Punch             |       |     1 |       |     3 |       |       ||     4
         Demon whip        |       |       |       |   133 |       |       ||   133
         Scimitar          |       |       |       |    37 |   500 |   205 ||   742
         Kick              |       |       |       |       |     3 |       ||     3
         Staff             |       |       |       |       |       |    38 ||    38
   Fire: Sling             |       |       |    40 |       |       |       ||    40
  Throw: Javelin           |       |       |       |       |     1 |       ||     1
   Cast: Foxfire           |    47 |    51 |    83 |   175 |   303 |   367 ||  1026
         Scorch            |    22 |    34 |    85 |    99 |   425 |   297 ||   962
         Inner Flame       |       |       |     1 |     6 |     7 |     4 ||    18
         Iskenderun's Myst |       |       |       |       |    10 |   179 ||   189
         Summon Forest     |       |       |       |       |       |    30 ||    30
         Summon Mana Viper |       |       |       |       |       |    40 ||    40
         Summon Cactus Gia |       |       |       |       |       |    17 ||    17
 Invoke: Upheaval          |       |       |     4 |     5 |     5 |     3 ||    17
         Disaster Area     |       |       |       |     1 |     3 |     2 ||     6
         Elemental Force   |       |       |       |       |     1 |       ||     1
  Evoke: Wand              |       |       |       |     4 |     9 |     9 ||    22
         Phantom mirror    |       |       |       |       |     1 |     1 ||     2
    Use: Potion            |     1 |     3 |     5 |     7 |     7 |    15 ||    38
         Scroll            |       |     7 |     8 |    13 |     7 |    20 ||    55
   Stab: Invisible         |       |       |       |     4 |     2 |       ||     6
         Distracted        |       |       |       |       |       |     1 ||     1
 Armour: Robe              |     4 |    14 |     4 |    30 |    68 |       ||   120
         Leather armour    |       |       |    18 |    38 |       |       ||    56
         Chain mail        |       |       |       |       |   144 |     6 ||   150
         Troll leather arm |       |       |       |       |     1 |    78 ||    79
         Ring mail         |       |       |       |       |       |    27 ||    27
  Dodge: Dodged            |    30 |    28 |    81 |   244 |   370 |   313 ||  1066
         Repelled          |       |       |     2 |     1 |    13 |    46 ||    62
  Block: Other             |     4 |     9 |    39 |    64 |       |       ||   116
         Kite shield       |       |       |       |    73 |   845 |   720 ||  1638
         Reflection        |       |       |       |       |     4 |   119 ||   123
